EVO
UNIVERSITY OF NORTH CAROLINA AT CHAPEL HILL TAR HEELS @ UNIVERSITY OF TORONTO MARLIES
08/16/2045
 
TOP OF THE 1ST
University of North Carolina at Chapel Hill Tar Heels batting - Pitching for University of Toronto Marlies : RHP Adam McBride
Pitching: RHP Adam McBride
Batting: LHB Timotheus Young 0-0: Called Strike
0-1: SINGLE (Groundball, 56, EV 98.8 MPH)
Batting: LHB Angelo Lira 0-0: Fielders Choice at 2nd, 4-6 (Groundball, 4, EV 104.4 MPH)
Batting: LHB Ramon Garduno 0-0: Swinging Strike
0-1: Grounds into double play, 4-6-3 (Groundball, 4D, EV 88.8 MPH)
Top of the 1st over - 0 runs, 1 hit, 0 errors, 0 left on base; University of North Carolina at Chapel Hill 0 - University of Toronto 0
BOTTOM OF THE 1ST
University of Toronto Marlies batting - Pitching for University of North Carolina at Chapel Hill Tar Heels : RHP Jamie Gordam
Pitching: RHP Jamie Gordam
Batting: RHB Kekoa Kahele 0-0: Bunt missed!
0-1: Foul Ball, location: 2F
0-2: Ball
1-2: Foul Ball, location: 2F
1-2: SOLO HOME RUN (Flyball, 7LD, EV 97.5 MPH), Distance : 348 ft
Batting: RHB Yuusei Narita 0-0: Ball
1-0: Ground out 1-3 (Groundball, P, EV 66.9 MPH)
Batting: SHB Karl Starnes 0-0: Called Strike
0-1: Ball
1-1: Swinging Strike
1-2: Foul Ball, location: 2F
1-2: Foul Ball, location: 2F
1-2: Foul Ball, location: 2F
1-2: Ball
2-2: Fly out, F7 (Line Drive, 7, EV 106.2 MPH)
Pitching: RHP Michael Bastian
Batting: RHB Francisco Marin 0-0: Foul Ball, location: 2F
0-1: Ball
1-1: Ball
2-1: Ball
3-1: SOLO HOME RUN (Flyball, 7D, EV 98.8 MPH), Distance : 378 ft
Batting: RHB Simon Van Steenwyk 0-0: Called Strike
0-1: Ball
1-1: Called Strike
1-2: Ball
2-2: Fly out, F4 (Flyball, 4MD, EV 91.9 MPH)
Bottom of the 1st over - 2 runs, 2 hits, 0 errors, 0 left on base; University of North Carolina at Chapel Hill 0 - University of Toronto 2
TOP OF THE 2ND
University of North Carolina at Chapel Hill Tar Heels batting - Pitching for University of Toronto Marlies : RHP Adam McBride
Batting: LHB Danny de Leon 0-0: Ball
1-0: Ball
2-0: Ball
3-0: Called Strike
3-1: Foul Ball, location: 2F
3-2: Foul Ball, location: 2F
3-2: SINGLE (Groundball, 56D, EV 104.4 MPH)
Batting: SHB Dan Strickland 0-0: SINGLE (Flyball, 6D, EV 90.6 MPH)
Danny de Leon to second
Batting: RHB Cesar Rendon 0-0: Foul Ball, location: 2F
0-1: Called Strike
0-2: Strikes out swinging
Batting: RHB Yasuoka Tsuda 0-0: Foul Ball, location: 2F
0-1: Ball
1-1: Ball
2-1: SINGLE (Groundball, 34D, EV 111.2 MPH)
Danny de Leon to third
Dan Strickland to second
Batting: RHB Akira Kubo 0-0: Foul Ball, location: 2F
0-1: SINGLE (Groundball, 56D, EV 105.0 MPH)
Danny de Leon scores
Dan Strickland to third
Yasuoka Tsuda to second
Runner from 3rd tries for Home, SAFE, throw by LF to home
Batting: RHB Jaylen Buckley 0-0: Called Strike
0-1: Ball
1-1: Foul Ball, location: 2F
1-2: Foul Ball, location: 2F
1-2: Ball
2-2: Foul Ball, location: 2F
2-2: SINGLE (Line Drive, 89M, EV 94.4 MPH)
Yasuoka Tsuda to third
Akira Kubo to second
Runner from 3rd tries for Home, throw by RF and OUT! 9-2
Now in RF: Jerry Santana
Batting: LHB Timotheus Young 0-0: Fly out, F6 (Popup, 4M, EV 54.4 MPH)
Top of the 2nd over - 2 runs, 5 hits, 0 errors, 2 left on base; University of North Carolina at Chapel Hill 2 - University of Toronto 2
BOTTOM OF THE 2ND
University of Toronto Marlies batting - Pitching for University of North Carolina at Chapel Hill Tar Heels : RHP Michael Bastian
Batting: RHB Nate Henderson 0-0: Foul Ball, location: 2F
0-1: Swinging Strike
0-2: Strikes out looking
Batting: RHB Quan Tai 0-0: Ball
1-0: Ball
2-0: Called Strike
2-1: Ball
3-1: Fly out, F3 (Popup, 3S, EV 80.6 MPH)
Batting: RHB Juan Ordonez 0-0: Called Strike
0-1: SINGLE (Line Drive, 6M, EV 98.1 MPH)
Batting: SHB Jason Todd 0-0: Called Strike
0-1: Ball
Juan Ordonez steals 2nd base
1-1: Ball
2-1: Swinging Strike
2-2: Ball
3-2: Strikes out swinging
Bottom of the 2nd over - 0 runs, 1 hit, 0 errors, 1 left on base; University of North Carolina at Chapel Hill 2 - University of Toronto 2
TOP OF THE 3RD
University of North Carolina at Chapel Hill Tar Heels batting - Pitching for University of Toronto Marlies : RHP Adam McBride
Batting: LHB Angelo Lira 0-0: DOUBLE (Line Drive, 89D, EV 106.2 MPH)
Batting: LHB Ramon Garduno 0-0: Foul Ball, location: 2F
0-1: Fly out, F8 (Flyball, 8LS, EV 78.1 MPH)
Batting: LHB Danny de Leon 0-0: Ball
1-0: SINGLE (Groundball, 3D, EV 95.0 MPH)
Angelo Lira to third
Runner from 3rd tries for Home, SAFE, throw by RF to home
Batting: SHB Dan Strickland 0-0: Ball
1-0: Ball
2-0: Called Strike
2-1: Foul Ball, location: 2F
2-2: Ball
3-2: Base on Balls
Danny de Leon to second
Batting: RHB Cesar Rendon 0-0: Ball
1-0: Ball
2-0: Ball
3-0: Base on Balls
Danny de Leon to third
Dan Strickland to second
Batting: RHB Yasuoka Tsuda 0-0: Foul Ball, location: 2F
0-1: Fly out, F8 (Flyball, 8RXD, EV 96.2 MPH)
Runner from 3rd tags up, SCORES, no throw by CF
Batting: RHB Akira Kubo 0-0: Swinging Strike
0-1: Swinging Strike
0-2: Fielders Choice at 2nd, 6-4 (Groundball, 6, EV 81.9 MPH)
Top of the 3rd over - 2 runs, 2 hits, 0 errors, 2 left on base; University of North Carolina at Chapel Hill 4 - University of Toronto 2
BOTTOM OF THE 3RD
University of Toronto Marlies batting - Pitching for University of North Carolina at Chapel Hill Tar Heels : RHP Michael Bastian
Batting: LHB Jerry Santana 0-0: Ball
1-0: Called Strike
1-1: Ground out 5-3 (Groundball, 56, EV 92.5 MPH)
Batting: RHB Yuusei Narita 0-0: Ball
1-0: Called Strike
1-1: Ground out 5-3 (Groundball, 56S, EV 66.2 MPH)
Batting: SHB Karl Starnes 0-0: Called Strike
0-1: Ball
1-1: Foul Ball, location: 2F
1-2: Ball
2-2: Ball
3-2: Base on Balls
Batting: RHB Francisco Marin 0-0: Ball
1-0: Ball
2-0: Ball
3-0: Base on Balls
Karl Starnes to second
Batting: RHB Simon Van Steenwyk 0-0: Foul Ball, location: 2F
0-1: Fly out, F8 (Flyball, 8RXD, EV 90.0 MPH)
Bottom of the 3rd over - 0 runs, 0 hits, 0 errors, 2 left on base; University of North Carolina at Chapel Hill 4 - University of Toronto 2
TOP OF THE 4TH
University of North Carolina at Chapel Hill Tar Heels batting - Pitching for University of Toronto Marlies : RHP Adam McBride
Batting: RHB Jaylen Buckley 0-0: Ball
1-0: Ball
2-0: Ground out 6-3 (Groundball, 6, EV 85.0 MPH)
Batting: LHB Timotheus Young 0-0: Ball
1-0: Swinging Strike
1-1: Foul Ball, location: 2F
1-2: Ball
2-2: SINGLE (Line Drive, 78S, EV 100.0 MPH)
Batting: LHB Angelo Lira 0-0: Ball
Timotheus Young is caught stealing 2nd base 2-6
1-0: Ground out 6-3 (Groundball, 6, EV 83.1 MPH)
Top of the 4th over - 0 runs, 1 hit, 0 errors, 0 left on base; University of North Carolina at Chapel Hill 4 - University of Toronto 2
BOTTOM OF THE 4TH
University of Toronto Marlies batting - Pitching for University of North Carolina at Chapel Hill Tar Heels : RHP Michael Bastian
Batting: RHB Nate Henderson 0-0: Ball
1-0: Ball
2-0: Called Strike
2-1: Called Strike
2-2: Foul Ball, location: 2F
2-2: Ground out 1-3 (Groundball, P, EV 62.5 MPH)
Batting: RHB Quan Tai 0-0: Called Strike
0-1: Ball
1-1: Ball
2-1: Fly out, F8 (Flyball, 89M, EV 86.9 MPH)
Batting: RHB Juan Ordonez 0-0: SINGLE (Groundball, 6MD, EV 105.6 MPH)
Pitching: LHP Jose Herrera
Batting: SHB Jason Todd 0-0: Ball
1-0: Swinging Strike
1-1: Foul Ball, location: 2F
1-2: Foul Ball, location: 2F
1-2: Ball
2-2: Foul Ball, location: 2F
2-2: Ground out 6-3 (Groundball, 6M, EV 89.4 MPH)
Bottom of the 4th over - 0 runs, 1 hit, 0 errors, 1 left on base; University of North Carolina at Chapel Hill 4 - University of Toronto 2
TOP OF THE 5TH
University of North Carolina at Chapel Hill Tar Heels batting - Pitching for University of Toronto Marlies : RHP Adam McBride
Batting: LHB Ramon Garduno 0-0: Ball
1-0: SINGLE (Line Drive, 8LS, EV 99.4 MPH)
Batting: LHB Danny de Leon 0-0: Ball
1-0: Called Strike
1-1: Ball
2-1: Fly out, F7 (Flyball, 78D, EV 102.5 MPH)
Batting: SHB Dan Strickland 0-0: Ball
1-0: Ball
2-0: SINGLE (Line Drive, 78M, EV 98.1 MPH)
Ramon Garduno to second
Batting: RHB Cesar Rendon 0-0: Grounds into double play, 6-4-3 (Groundball, 6, EV 90.6 MPH)
Top of the 5th over - 0 runs, 2 hits, 0 errors, 1 left on base; University of North Carolina at Chapel Hill 4 - University of Toronto 2
BOTTOM OF THE 5TH
University of Toronto Marlies batting - Pitching for University of North Carolina at Chapel Hill Tar Heels : LHP Jose Herrera
Batting: LHB Jerry Santana 0-0: Called Strike
0-1: Ball
1-1: Ball
2-1: Ball
3-1: SINGLE (Groundball, 4S, EV 68.1 MPH) (infield hit)
Batting: RHB Yuusei Narita 0-0: Called Strike
0-1: SINGLE (Groundball, 34, EV 104.4 MPH)
Jerry Santana to second
Runner from 2nd tries for 3rd, SAFE, no throw by RF
Batting: SHB Karl Starnes 0-0: Fielders Choice at 2nd, 4-6 (Groundball, 13, EV 85.6 MPH)
Jerry Santana scores
Batting: RHB Francisco Marin 0-0: Ball
1-0: Ball
2-0: Foul Ball, location: 2F
2-1: Foul Ball, location: 2F
2-2: Foul Ball, location: 2F
2-2: Foul Ball, location: 2F
2-2: Ball
3-2: Foul Ball, location: 2F
3-2: 2-RUN HOME RUN (Flyball, 7D, EV 98.1 MPH), Distance : 370 ft
Pitching: RHP Tony Nateras
Batting: RHB Simon Van Steenwyk 0-0: SINGLE (Line Drive, 89M, EV 102.5 MPH)
Batting: RHB Nate Henderson 0-0: Swinging Strike
0-1: Called Strike
0-2: Ball
1-2: Strikes out looking
Batting: RHB Quan Tai 0-0: Ball
1-0: Foul Ball, location: 2F
1-1: Ball
2-1: Foul Ball, location: 2F
2-2: Ball
3-2: Foul Ball, location: 2F
3-2: Base on Balls
Simon Van Steenwyk to second
Batting: RHB Juan Ordonez 0-0: Ground out 5-3 (Groundball, 56S, EV 84.4 MPH)
Bottom of the 5th over - 3 runs, 4 hits, 0 errors, 2 left on base; University of North Carolina at Chapel Hill 4 - University of Toronto 5
TOP OF THE 6TH
University of North Carolina at Chapel Hill Tar Heels batting - Pitching for University of Toronto Marlies : RHP Adam McBride
Batting: RHB Yasuoka Tsuda 0-0: Called Strike
0-1: Ball
1-1: Called Strike
1-2: Foul Ball, location: 2F
1-2: Fly out, F6 (Popup, 15S, EV 91.2 MPH)
Batting: RHB Akira Kubo 0-0: Foul Ball, location: 2F
0-1: Ball
1-1: Fly out, F9 (Flyball, 89S, EV 79.4 MPH)
Batting: RHB Jaylen Buckley 0-0: Ground out 6-3 (Groundball, 6, EV 103.8 MPH)
Top of the 6th over - 0 runs, 0 hits, 0 errors, 0 left on base; University of North Carolina at Chapel Hill 4 - University of Toronto 5
BOTTOM OF THE 6TH
University of Toronto Marlies batting - Pitching for University of North Carolina at Chapel Hill Tar Heels : RHP Tony Nateras
Batting: SHB Jason Todd 0-0: Ball
1-0: Ball
2-0: Ball
3-0: Called Strike
3-1: Foul Ball, location: 2F
3-2: Base on Balls
Batting: LHB Jerry Santana 0-0: Ball
Jason Todd is caught stealing 2nd base 2-6
1-0: Ball
2-0: Called Strike
2-1: Ground out 6-3 (Groundball, 6, EV 89.4 MPH)
Batting: RHB Yuusei Narita 0-0: Ball
1-0: DOUBLE (Flyball, 78D, EV 109.4 MPH)
Batting: SHB Karl Starnes 0-0: Ball
1-0: Foul Ball, location: 2F
1-1: Ball
2-1: Foul Ball, location: 2F
2-2: DOUBLE (Flyball, 8LXD, EV 103.8 MPH)
Yuusei Narita scores
Batting: RHB Francisco Marin 0-0: Ball
1-0: Swinging Strike
1-1: Swinging Strike
1-2: Strikes out looking
Bottom of the 6th over - 1 run, 2 hits, 0 errors, 1 left on base; University of North Carolina at Chapel Hill 4 - University of Toronto 6
TOP OF THE 7TH
University of North Carolina at Chapel Hill Tar Heels batting - Pitching for University of Toronto Marlies : RHP Adam McBride
Batting: LHB Timotheus Young 0-0: Ball
1-0: Swinging Strike
1-1: Fly out, F7 (Flyball, 7S, EV 90.0 MPH)
Batting: LHB Angelo Lira 0-0: Ball
1-0: Ground out 5-3 (Groundball, 56, EV 106.9 MPH)
Batting: LHB Ramon Garduno 0-0: Ball
1-0: Ball
2-0: Foul Ball, location: 2F
2-1: Foul Ball, location: 2F
2-2: Ground out 4-3 (Groundball, 4S, EV 84.4 MPH)
Top of the 7th over - 0 runs, 0 hits, 0 errors, 0 left on base; University of North Carolina at Chapel Hill 4 - University of Toronto 6
BOTTOM OF THE 7TH
University of Toronto Marlies batting - Pitching for University of North Carolina at Chapel Hill Tar Heels : RHP Tony Nateras
Pitching: LHP Mike Pierce
Batting: RHB Simon Van Steenwyk 0-0: Ball
1-0: Ball
2-0: Called Strike
2-1: SOLO HOME RUN (Flyball, 7D, EV 101.2 MPH), Distance : 368 ft
Batting: RHB Nate Henderson 0-0: Ball
1-0: Called Strike
1-1: Ball
2-1: Foul Ball, location: 2F
2-2: Ball
3-2: Fly out, F8 (Flyball, 8RM, EV 90.6 MPH)
Batting: RHB Quan Tai 0-0: Ball
1-0: Ball
2-0: Ball
3-0: Base on Balls
Batting: RHB Juan Ordonez 0-0: Ball
1-0: Called Strike
1-1: Ball
2-1: Reached on error, E5 (Groundball, 56, EV 100.6 MPH)
Quan Tai to second
Batting: SHB Jason Todd 0-0: Ball
1-0: Called Strike
1-1: Foul Ball, location: 2F
1-2: Fly out, F8 (Flyball, 78D, EV 101.2 MPH)
Batting: LHB Jerry Santana 0-0: Foul Ball, location: 2F
0-1: Ball
1-1: Fly out, F6 (Line Drive, 6, EV 76.2 MPH)
Bottom of the 7th over - 1 run, 1 hit, 1 error, 2 left on base; University of North Carolina at Chapel Hill 4 - University of Toronto 7
TOP OF THE 8TH
University of North Carolina at Chapel Hill Tar Heels batting - Pitching for University of Toronto Marlies : RHP Adam McBride
Batting: LHB Danny de Leon 0-0: Foul Ball, location: 2F
0-1: Ball
1-1: Called Strike
1-2: Strikes out swinging
Batting: SHB Dan Strickland 0-0: SINGLE (Line Drive, 8RS, EV 104.4 MPH)
Batting: RHB Cesar Rendon 0-0: Fly out, F8 (Flyball, 89D, EV 93.1 MPH)
Batting: RHB Yasuoka Tsuda 0-0: Ball
1-0: Foul Ball, location: 2F
1-1: TRIPLE (Line Drive, 9D, EV 111.2 MPH)
Dan Strickland scores
Batting: RHB Akira Kubo 0-0: Called Strike
0-1: Foul Ball, location: 2F
0-2: Fly out, F8 (Flyball, 8LD, EV 85.6 MPH)
Top of the 8th over - 1 run, 2 hits, 0 errors, 1 left on base; University of North Carolina at Chapel Hill 5 - University of Toronto 7
BOTTOM OF THE 8TH
University of Toronto Marlies batting - Pitching for University of North Carolina at Chapel Hill Tar Heels : LHP Mike Pierce
Batting: RHB Yuusei Narita 0-0: Called Strike
0-1: Swinging Strike
0-2: Foul Ball, location: 2F
0-2: Ball
1-2: Ground out 4-3 (Groundball, 4, EV 104.4 MPH)
Batting: SHB Karl Starnes 0-0: Ball
1-0: Called Strike
1-1: Swinging Strike
1-2: Ball
2-2: Ball
3-2: Hit by Pitch
Pitching: LHP Matt DeGrado
Batting: RHB Francisco Marin 0-0: Ball
1-0: Foul Ball, location: 2F
1-1: Ball
2-1: Fly out, F9 (Flyball, 9D, EV 87.5 MPH)
Batting: RHB Simon Van Steenwyk 0-0: Called Strike
0-1: Foul Ball, location: 2F
0-2: Strikes out swinging
Bottom of the 8th over - 0 runs, 0 hits, 0 errors, 1 left on base; University of North Carolina at Chapel Hill 5 - University of Toronto 7
TOP OF THE 9TH
University of North Carolina at Chapel Hill Tar Heels batting - Pitching for University of Toronto Marlies : RHP Adam McBride
Batting: RHB Jaylen Buckley 0-0: Ball
1-0: Fly out, F9 (Flyball, 9, EV 88.8 MPH)
Pinch Hitting: RHB R.J. Gomez 0-0: Called Strike
0-1: SINGLE (Groundball, 6MD, EV 111.2 MPH)
Pinch Hitting: RHB John Norton 0-0: Ball
1-0: Called Strike
1-1: Reached on error, E3 (Groundball, 34, EV 100.6 MPH)
R.J. Gomez to second
Pinch Runner at 2nd Stu Proulx:
Batting: LHB Ramon Garduno 0-0: Called Strike
0-1: Ball
1-1: Foul Ball, location: 2F
1-2: SINGLE (Groundball, 4D, EV 96.2 MPH)
Stu Proulx to third
John Norton to second
Batting: LHB Danny de Leon 0-0: Called Strike
0-1: Foul Ball, location: 2F
0-2: Ball
1-2: Ball
2-2: Foul Ball, location: 2F
2-2: SINGLE (Groundball, 34D, EV 94.4 MPH)
Stu Proulx scores
John Norton to third
Ramon Garduno to second
Runner from 3rd tries for Home, SAFE, throw by RF to home
Batting: SHB Dan Strickland 0-0: Ball
1-0: Called Strike
1-1: Ball
2-1: Foul Ball, location: 2F
2-2: Ball
3-2: Fielders Choice at 2nd, 4-6 (Groundball, 4, EV 101.2 MPH)
Ramon Garduno to third
Batting: RHB Cesar Rendon 0-0: SINGLE (Line Drive, 4MD, EV 98.1 MPH)
Ramon Garduno scores
Dan Strickland to second
Runner from 2nd tries for 3rd, SAFE, throw by CF made to third
Pitching: RHP Carlos Guerrero
Batting: RHB Yasuoka Tsuda 0-0: Called Strike
0-1: Called Strike
0-2: Strikes out swinging
Top of the 9th over - 3 runs, 4 hits, 1 error, 2 left on base; University of North Carolina at Chapel Hill 8 - University of Toronto 7
BOTTOM OF THE 9TH
University of Toronto Marlies batting - Pitching for University of North Carolina at Chapel Hill Tar Heels : LHP Matt DeGrado
Pitching: LHP Sam Davis
Now at 2B: John Norton
Now at SS: Juan Casillas
Now in LF: Cesar Rendon
Now in CF: Bill Rhodes
Batting: RHB Nate Henderson 0-0: Ball
1-0: Ball
2-0: Foul Ball, location: 2F
2-1: Foul Ball, location: 2F
2-2: Ball
3-2: Strikes out swinging
Batting: RHB Quan Tai 0-0: Ball
1-0: Ball
2-0: Called Strike
2-1: Ball
3-1: SOLO HOME RUN (Flyball, 78XD, EV 99.4 MPH), Distance : 406 ft
Batting: RHB Juan Ordonez 0-0: Called Strike
0-1: Ball
1-1: Ball
2-1: Called Strike
2-2: Foul Ball, location: 2F
2-2: Foul Ball, location: 2F
2-2: DOUBLE (Flyball, 78D, EV 107.5 MPH)
Batting: SHB Jason Todd 0-0: Intentional Walk
Batting: LHB Jerry Santana 0-0: Fielders Choice at 2nd, 6-4 (Groundball, 6MS, EV 81.9 MPH)
Juan Ordonez to third
Batting: RHB Yuusei Narita 0-0: Ball
1-0: Called Strike
1-1: Swinging Strike
1-2: SINGLE (Line Drive, 8RS, EV 96.9 MPH)
Juan Ordonez scores
Bottom of the 9th over - 2 runs, 3 hits, 0 errors, 0 left on base; University of North Carolina at Chapel Hill 8 - University of Toronto 9
Game Over ... University of Toronto defeats University of North Carolina at Chapel Hill, 9 to 8
Wednesday, June 22nd , 2022 - OOTP Baseball 23.4 Build 64